 Dungeon Crawl Stone Soup version 0.25.0-26-g0c896c7088 (webtiles) character file.

Game seed: 5740665355354015251

45414 protoss039 the Severer (level 14, -7/202 HPs)
             Began as a Minotaur Fighter on July 3, 2020.
             Was the Champion of Okawaru.
             Mangled by a freezing wraith (19 damage)
             ... led by a death knight
             ... on level 14 of the Dungeon.
             The game lasted 01:10:03 (18881 turns).

protoss039 the Severer (Minotaur Fighter)          Turns: 18881, Time: 01:10:05

Health: -7/202     AC: 15    Str: 25    XL:     14   Next: 1%
Magic:  0/20       EV: 15    Int:  5    God:    Okawaru [******]
Gold:   1178       SH: 16    Dex: 20    Spells: 7/13 levels left

rFire    + . .     SeeInvis .   a - +0 war axe
rCold    . . .     Gourm    .   c - +0 kite shield
rNeg     . . .     Faith    .   H - +3 ring mail "Deuhuv" {rElec rF+ Regen+}
rPois    .         Spirit   +   (helmet restricted)
rElec    +         Reflect  .   p - +1 cloak {MR+}
rCorr    .         Harm     .   I - +0 pair of gloves
MR       ++++.                  N - +0 pair of boots
Stlth    ..........             T - amulet "Loofuid" {Spirit MR+ Dex+4 Stlth+}
HPRegen  0.83/turn              K - ring "Lyteck" {Dex+5 Slay+4}
MPRegen  0.17/turn              O - ring of protection from magic

@: berserking, heroism, slowed
A: retaliatory headbutt, horns 2
a: Heroism, Finesse, Renounce Religion


You were on level 14 of the Dungeon.
You worshipped Okawaru.
Okawaru was exalted by your worship.
You were not hungry.

You visited 2 branches of the dungeon, and saw 16 of its levels.
You also visited: Ossuary and Gauntlet.

You collected 1318 gold pieces.
You spent 140 gold pieces at shops.

Inventory:

Hand Weapons
 a - a +0 war axe (weapon)
 g - a +2 battleaxe of electrocution
 v - a +4 scimitar of flaming
Armour
 c - a +0 kite shield (worn)
 p - a +1 cloak of magic resistance (worn)
 B - a +1 cloak of poison resistance
 H - the +3 ring mail "Deuhuv" (worn) {rElec rF+ Regen+}
   (You took it off an orc on level 9 of the Dungeon)

   It protects you from fire.
   It insulates you from electricity.
   It increases your rate of regeneration.
 I - a +0 pair of gloves (worn)
 N - a +0 pair of boots (worn)
 V - the +1 scale mail of Pessimism {rF++ rC+ Str+4}
   (You took it off a minotaur in a Gauntlet)

   It affects your strength (+4).
   It greatly protects you from fire.
   It protects you from cold.
Jewellery
 s - an uncursed ring of ice
 K - the ring "Lyteck" (left hand) {Dex+5 Slay+4}
   (You took it off an orc priest on level 13 of the Dungeon)

   [ring of slaying]

   It affects your dexterity (+5).
   It affects your accuracy and damage with ranged weapons and melee attacks
   (+4).
 O - a ring of protection from magic (right hand)
 P - an uncursed ring of resist corrosion
 T - the amulet "Loofuid" (around neck) {Spirit MR+ Dex+4 Stlth+}
   (You found it in a Gauntlet)

   [amulet of guardian spirit]

   It causes incoming damage to be split between your health and magic.
   It affects your dexterity (+4).
   It affects your resistance to hostile enchantments.
   It makes you more stealthy.
Wands
 m - a wand of clouds (9)
 x - a wand of flame (52)
 y - a wand of disintegration (23)
 A - a wand of polymorph (28)
 L - a wand of iceblast (23)
 W - a wand of acid (10)
Scrolls
 b - 3 scrolls of enchant weapon
 h - 3 scrolls of magic mapping
 i - a scroll of fear
 l - 4 scrolls of amnesia
 n - 5 scrolls of teleportation
 o - 5 scrolls of remove curse
 t - 2 scrolls of blinking
 u - 3 scrolls of enchant armour
 C - 4 scrolls of fog
 E - a scroll of brand weapon
 X - a scroll of immolation {unknown}
 Y - a scroll of holy word {unknown}
Potions
 d - 2 potions of might
 e - 4 potions of mutation
 k - 4 potions of haste
 q - 7 potions of curing
 r - 4 potions of brilliance
 w - 4 potions of flight
 z - a potion of resistance
 D - 2 potions of stabbing
 F - 2 potions of cancellation
 J - a potion of magic
 Q - a potion of heal wounds
Miscellaneous
 M - a phantom mirror
Comestibles
 f - 31 rations


   Skills:
 + Level 15.0(20.0) Fighting
 - Level 4.4(9.4) Long Blades
 - Level 16.0(21.0) Axes
 - Level 4.0(9.0) Armour
 + Level 13.3(18.3) Shields
 * Level 0.2 Spellcasting
 * Level 1.8 Transmutations
 * Level 1.8 Earth Magic
 - Level 10.0 Invocations


You had 7 spell levels left.
You knew the following spells:

 Your Spells              Type           Power        Failure   Level  Hunger
a - Statue Form           Tmut/Erth      #........    100%        6    #######

Your spell library contained the following spells:

 Spells                   Type           Power        Failure   Level  Hunger
 Beastly Appendage        Tmut           #.....       34%         1    ##.....
 Sticks to Snakes         Tmut           #.......     45%         2    ###....
 Animate Skeleton         Necr           N/A          58%         1    ##.....
 Corona                   Hex            #......      58%         1    ##.....
 Summon Butterflies       Summ           #.......     58%         1    ##.....
 Corpse Rot               Necr/Air       N/A          75%         2    ###....
 Ensorcelled Hibernation  Hex/Ice        #.....       75%         2    ###....
 Slow                     Hex            #.......     75%         2    ###....
 Spider Form              Tmut/Pois      #.........   83%         3    ####...
 Call Canine Familiar     Summ           #.......     92%         3    ####...
 Confusing Touch          Hex            #.......     92%         3    ####...
 Dazzling Flash           Conj/Hex       #.....       92%         3    ####...
 Inner Flame              Hex/Fire       #.......     92%         3    ####...
 Portal Projectile        Hex/Tloc       #.....       92%         3    ####...
 Tukima's Dance           Hex            #.......     92%         3    ####...
 Vampiric Draining        Necr           #.........   92%         3    ####...
 Ice Form                 Ice/Tmut       #.......     99%         4    #####..
 Leda's Liquefaction      Hex/Erth       #.........   99%         4    #####..
 Animate Dead             Necr           N/A          100%        4    #####..
 Cause Fear               Hex            #.........   100%        4    #####..
 Passage of Golubria      Tloc           N/A          100%        4    #####..
 Summon Ice Beast         Ice/Summ       #.......     100%        4    #####..
 Blade Hands              Tmut           #.........   100%        5    ######.
 Summon Mana Viper        Hex/Summ       #.......     100%        5    ######.
 Simulacrum               Ice/Necr       #.........   100%        6    #######
 Summon Hydra             Summ           #.........   100%        7    #######


Dungeon Overview and Level Annotations

Branches:
Dungeon (15/15)            Temple (1/1) D:4            Lair (0/6) D:11
    Orc (0/2) D:9          Vaults (0/5) D:13        Ossuary (visited)
Gauntlet (visited)
 Depths: D:15

Altars:
Ashenzari
Cheibriados
Dithmenos
Elyvilon
Fedhas
Gozag
Hepliaklqana
Kikubaaqudgha
Makhleb
Nemelex Xobeh
Okawaru
Qazlal
Ru
Sif Muna
Trog
Uskayaw
Vehumet
Wu Jian
Xom
Yredelemnul
Zin
The Shining One
Beogh

Shops:
D:6 ?   D:13 (

Annotations:
D:3 1 runed translucent door, MisterFreud's ghost, weakling MiHu
D:8 1 exclusion
D:10 2 exclusions
D:11 1 exclusion
D:12 1 exclusion
D:14 Roxanne


Innate Abilities, Weirdness & Mutations

You reflexively headbutt those who attack you in melee.
You have a pair of horns on your head.


Message History

* * * LOW HITPOINT WARNING * * *
Unknown command.
Unknown command.
You slice the death knight!!
You kill the death knight!
Okawaru accepts your kill.
You have reached level 14!
You barely miss the freezing wraith. You hit the freezing wraith.
You block the freezing wraith's attack. x2
Unknown command.
Unknown command.
Unknown command.
You are too berserk!
You completely miss the freezing wraith.
The freezing wraith is almost destroyed.
You hit the freezing wraith but do no damage.
The freezing wraith hits you.
* * * LOW HITPOINT WARNING * * *
The freezing wraith freezes you!!
You die...

......#######........'...........
'###### ###.######.......††.. .##
#.# ########'### ..# #.# #...#
#.# #.# #####'##### #+####*
#####'#######.......... .$....*
###......##...+..........
......###.'.>..W.'..###..........
.......#..#....)@#### #........[.
.....8.#.##....W.# #..........
.........##......# #.......)..
......#####......# #..........
.....,* ######## #..........
....,,* #.......... ###****
###########


You could see 2 freezing wraiths.

Vanquished Creatures
  Kirke (D:12)
  An orc warlord (D:13)
  A minotaur (Gauntlet)
  Azrael (D:12)
  2 hydras (D:13)
  Erica (D:11)
  A centaur warrior (D:14)
  An ogre mage (D:13)
  10 two-headed ogres
  A death knight (D:14)
  An orc high priest (D:13)
  A deep elf knight (D:11)
  3 skeletal warriors (D:14)
  3 wizards
  A deep troll (shapeshifter) (Gauntlet)
  An unseen horror (D:10)
  An ugly thing (D:11)
  2 deep elf magi
  2 orc knights (D:13)
  2 manticores
  An orc sorcerer (D:13)
  A cyclops (D:13)
  A moth of wrath (Gauntlet)
  Joseph (D:11)
  Psyche (D:11)
  2 gargoyles
  3 kobold demonologists
  A centaur skeleton (D:13)
  A freezing wraith (D:15)
  A yaktaur (shapeshifter) (Gauntlet)
  4 trolls
  A harpy skeleton (D:14)
  3 hippogriffs
  2 redbacks (Gauntlet)
  3 wyverns
  3 wraiths
  3 vampires
  8 yaks
  7 hogs
  A human (D:8)
  2 basilisks (D:11)
  2 fire elementals (D:12)
  4 hungry ghosts
  2 wargs (D:9)
  An acid dragon (D:13)
  2 hell hounds (D:12)
  3 porcupines
  4 ice beasts
  18 orc warriors
  3 sky beasts
  3 phantoms
  3 necrophages
  7 ogres
  3 black bears
  23 centaurs
  3 crocodiles
  8 big kobolds
  8 bullfrogs
  2 gnoll sergeants (D:6)
  A wyvern zombie (D:7)
  14 scorpions
  A wyvern skeleton (D:14)
  3 wights (D:7)
  15 killer bees
  4 jellies
  3 howler monkeys
  3 crimson imps
  3 centaur zombies
  A bullfrog zombie (D:13)
  18 orc wizards
  16 orc priests
  10 hounds
  A human zombie (Ossuary)
  Crazy Yiuf (D:4)
  2 bullfrog skeletons
  4 iguanas
  15 worker ants
  A hound zombie (D:5)
  3 hound skeletons
  3 mummies (Ossuary)
  A worker ant zombie (D:6)
  9 gnolls (D:6)
  2 howler monkey skeletons
  8 scorpion zombies (Ossuary)
  11 adders
  5 shadow imps
  A white imp (Gauntlet)
  4 oozes
  An adder skeleton (D:5)
  2 worms
  2 dart slugs (D:1)
  5 leopard geckos
  44 orcs
  3 ball pythons (D:3)
  3 bats
  8 giant cockroaches
  9 goblins
  7 hobgoblins
  10 jackals
  A quokka (D:6)
  2 frilled lizards
  A gnoll zombie (Ossuary)
  3 goblin zombies (Ossuary)
  A hobgoblin zombie (Ossuary)
  2 jackal skeletons
  39 kobolds
  A kobold zombie (Ossuary)
  An orc zombie (Ossuary)
  2 quokka skeletons
  2 quokka zombies
  8 rats
  2 bushes (D:14)
  A plant (D:6)
509 creatures vanquished.

Vanquished Creatures (others)
  A scorpion (Ossuary)
  A quokka (D:5)
  A hobgoblin zombie (Ossuary)
  37 bushes
  A fungus (D:11)
  7 plants (D:11)
48 creatures vanquished.

Grand Total: 557 creatures vanquished

Notes
Turn   | Place    | Note
-------+----------+-------------------------------------------
     0 | D:1      | protoss039 the Minotaur Fighter began the quest for the
                  | Orb.
     0 | D:1      | Reached XP level 1. HP: 19/19 MP: 0/0
   312 | D:1      | Reached XP level 2. HP: 27/27 MP: 1/1
   601 | D:1      | Reached skill level 3 in Axes
   682 | D:1      | Reached XP level 3. HP: 22/33 MP: 2/2
  1216 | D:2      | Reached skill level 4 in Axes
  1581 | D:2      | Found a stormy altar of Qazlal.
  1644 | D:2      | Reached XP level 4. HP: 40/40 MP: 3/3
  2049 | D:3      | Found a runed translucent door.
  2049 | D:3      | Noticed MisterFreud's ghost (weakling MiHu)
  2115 | D:3      | Found a blossoming altar of Fedhas.
  2316 | D:3      | Reached skill level 5 in Axes
  2757 | D:4      | Noticed an ogre
  2763 | D:4      | Killed an ogre
  2763 | D:4      | Reached skill level 6 in Axes
  2763 | D:4      | Reached XP level 5. HP: 12/47 MP: 4/4
  3034 | D:4      | Found a staircase to the Ecumenical Temple.
  3070 | Temple   | Entered the Ecumenical Temple
  3121 | Temple   | Became a worshipper of Warmaster Okawaru
  3311 | D:4      | Found a shattered altar of Ashenzari.
  3361 | D:4      | Found a runed translucent door.
  3362 | D:4      | Noticed Crazy Yiuf
  3500 | D:4      | Reached XP level 6. HP: 48/53 MP: 5/5
  3779 | D:4      | Killed Crazy Yiuf
  3955 | D:5      | Entered Level 5 of the Dungeon
  3963 | D:5      | Reached skill level 7 in Axes
  4067 | D:5      | Found a sacrificial altar of Ru.
  4127 | D:5      | Found a basalt altar of Yredelemnul.
  4246 | D:5      | Reached skill level 5 in Fighting
  4246 | D:5      | Reached skill level 1 in Invocations
  4579 | D:5      | Reached XP level 7. HP: 61/61 MP: 6/6
  4631 | D:5      | Found a white marble altar of Elyvilon.
  4696 | D:5      | Found a glowing golden altar of the Shining One.
  4729 | D:6      | Found Japsyr's Magic Scroll Shoppe.
  4734 | D:6      | Bought a scroll of identify for 28 gold pieces
  4734 | D:6      | Bought a scroll of identify for 28 gold pieces
  4734 | D:6      | Bought a scroll of identify for 28 gold pieces
  4734 | D:6      | Bought a scroll of identify for 28 gold pieces
  4734 | D:6      | Bought a scroll of identify for 28 gold pieces
  4773 | D:6      | Reached skill level 8 in Axes
  4886 | D:6      | Reached * piety under Okawaru
  5115 | D:6      | Found a snail-covered altar of Cheibriados.
  5378 | D:6      | Reached skill level 9 in Axes
  5595 | D:6      | Reached ** piety under Okawaru
  5595 | D:6      | Reached XP level 8. HP: 20/70 MP: 7/9
  5901 | D:6      | Reached skill level 10 in Axes
  6850 | D:7      | Reached skill level 11 in Axes
  6862 | D:7      | Reached *** piety under Okawaru
  7053 | D:7      | Reached XP level 9. HP: 72/79 MP: 11/11
  7184 | D:7      | Found a sand-covered staircase.
  7191 | Ossuary  | Entered an ossuary
  7512 | Ossuary  | Reached skill level 12 in Axes
  7820 | D:7      | Found a radiant altar of Vehumet.
  8029 | D:7      | Reached skill level 5 in Invocations
  8076 | D:7      | Found a bloodstained altar of Trog.
  8560 | D:8      | Reached **** piety under Okawaru
  8761 | D:8      | Noticed a two-headed ogre
  8778 | D:8      | Killed a two-headed ogre
  8778 | D:8      | Reached skill level 13 in Axes
  8778 | D:8      | Reached XP level 10. HP: 48/90 MP: 11/13
  8957 | D:8      | Found a white marble altar of Elyvilon.
  9116 | D:8      | Found a burning altar of Makhleb.
  9766 | D:8      | Found an ornate altar of the Wu Jian Council.
  9803 | D:8      | Received a gift from Okawaru
  9880 | D:8      | Reached skill level 14 in Axes
 10362 | D:8      | Reached ***** piety under Okawaru
 10617 | D:9      | Found a hazy altar of Hepliaklqana.
 10945 | D:9      | Noticed a rust devil
 10962 | D:9      | Reached skill level 10 in Fighting
 10964 | D:9      | Found a staircase to the Orcish Mines.
 11001 | D:9      | Identified the +3 ring mail "Deuhuv" {rElec rF+ Regen+}
 11246 | D:9      | Found a blossoming altar of Fedhas.
 11308 | D:9      | Noticed a two-headed ogre
 11541 | D:9      | Noticed a seven-headed hydra
 11891 | D:9      | Killed a two-headed ogre
 11891 | D:9      | Reached XP level 11. HP: 33/99 MP: 15/15
 12280 | D:10     | Entered Level 10 of the Dungeon
 12280 | D:10     | Noticed a deep elf mage
 12288 | D:10     | Killed a deep elf mage
 12315 | D:10     | Reached skill level 15 in Axes
 12315 | D:10     | Reached skill level 5 in Shields
 12763 | D:10     | Killed an unseen horror
 12792 | D:10     | Received a gift from Okawaru
 13207 | D:10     | Noticed a two-headed ogre
 13217 | D:10     | Killed a two-headed ogre
 13294 | D:11     | Noticed a purple ugly thing
 13427 | D:11     | Found a staircase to the Lair.
 13838 | D:11     | Noticed Psyche
 13888 | D:11     | Killed Psyche
 13991 | D:11     | Reached ****** piety under Okawaru
 13991 | D:11     | Reached skill level 16 in Axes
 14104 | D:11     | Noticed a deep elf knight
 14105 | D:11     | Noticed Erica
 14105 | D:11     | Noticed a +3 demon blade
 14105 | D:11     | Noticed a wizard
 14126 | D:11     | Killed a wizard
 14128 | D:11     | Killed Erica
 14131 | D:11     | Killed a deep elf knight
 14131 | D:11     | Reached XP level 12. HP: 33/110 MP: 9/17
 14148 | D:11     | Noticed Joseph
 14173 | D:11     | Killed Joseph
 14299 | D:12     | Noticed a two-headed ogre
 14312 | D:12     | Killed a two-headed ogre
 14357 | D:12     | Received a gift from Okawaru
 14365 | D:12     | Noticed Azrael
 14393 | D:12     | Noticed Kirke
 14411 | D:12     | Killed Kirke
 14872 | D:12     | Killed Azrael
 15026 | D:12     | Reached skill level 10 in Shields
 15429 | D:13     | Noticed a two-headed ogre
 15430 | D:13     | Noticed a two-headed ogre
 15431 | D:13     | Noticed an ogre mage
 15441 | D:12     | Killed a two-headed ogre
 15527 | D:13     | Found Joesum's Weapon Boutique.
 15717 | D:13     | Noticed an eight-headed hydra
 15743 | D:13     | Killed a three-headed hydra
 15933 | D:13     | Received a gift from Okawaru
 15968 | D:13     | Noticed a seven-headed hydra
 15979 | D:13     | Killed a two-headed hydra
 15979 | D:13     | Reached XP level 13. HP: 41/122 MP: 19/19
 16116 | D:13     | Reached skill level 1 in Long Blades
 16134 | D:13     | Found a gate to the Vaults.
 16500 | D:13     | Reached skill level 10 in Invocations
 16670 | D:13     | Noticed an orc warlord
 16749 | D:13     | Killed an orc warlord
 16873 | D:13     | Identified the ring "Lyteck" {Dex+5 Slay+4}
 16927 | D:13     | Found a roughly hewn altar of Beogh.
 17412 | D:14     | Found a gate leading to a gauntlet.
 17429 | Gauntlet | Entered a Gauntlet
 17429 | Gauntlet | Found a transporter.
 17429 | Gauntlet | Found a transporter.
 17462 | Gauntlet | Found a transporter.
 17474 | Gauntlet | Found a transporter.
 17493 | Gauntlet | Found a transporter.
 17493 | Gauntlet | Found a transporter.
 17493 | Gauntlet | Found a transporter.
 17495 | Gauntlet | Found a transporter.
 17495 | Gauntlet | Found a transporter.
 17497 | Gauntlet | Noticed a blizzard demon
 17499 | Gauntlet | Found a runed translucent door.
 17506 | Gauntlet | Found a transporter.
 17522 | Gauntlet | Found a transporter.
 17524 | Gauntlet | Found a runed translucent door.
 17530 | Gauntlet | Noticed a reaper
 17532 | Gauntlet | Found a transporter.
 17546 | Gauntlet | Found a transporter.
 17566 | Gauntlet | Found a transporter.
 17665 | Gauntlet | Identified Imnaom Ecki's Compendium of Twisted
                  | Transformation
 17707 | Gauntlet | Got a polished helmet
 17784 | Gauntlet | Identified the Papyrus of Darkness
 17793 | Gauntlet | Learned a level 6 spell: Statue Form
 17796 | Gauntlet | Got a fine silver amulet
 17849 | Gauntlet | Identified the amulet "Loofuid" {Spirit MR+ Dex+4 Stlth+}
                  | (You found it in a Gauntlet)
 17853 | Gauntlet | Identified the +1 scale mail of Pessimism {rF++ rC+ Str+4}
 17853 | Gauntlet | Noticed a minotaur
 17876 | Gauntlet | Killed a minotaur
 18279 | D:14     | Reached skill level 1 in Transmutations
 18279 | D:14     | Reached skill level 1 in Earth Magic
 18335 | D:14     | Identified Roxanne's Incunabulum of Stones
 18335 | D:14     | Noticed Roxanne
 18403 | D:14     | Received a gift from Okawaru
 18640 | D:14     | Reached skill level 15 in Fighting
 18845 | D:15     | Entered Level 15 of the Dungeon
 18880 | D:14     | Reached XP level 14. HP: 14/135 MP: 0/20
 18881 | D:14     | Mangled by a freezing wraith

Illustrated notes

Levels and vault maps discovered:
D:1:      dpeg_arrival_ternary, layout_basic, minmay_pentomino_u4
D:2:      layout_basic, nicolae_overflow_hidden_temple
D:3:      layout_basic, overflow_temple_1_default, first_ration,
          hellmonk_ghost_happy_afterlife
D:4:      layout_rooms, evilmike_ruin_ashenzari,
          minmay_temple_entry_drinking_statues, st_stairs_2,
          grunt_ministairs_13, uniq_crazy_yiuf_cottage
D:5:      layout_rooms, elyvilon_altar_4, lemuel_round_altar, tso_altar,
          lemuel_round_altar, st_stairs_13, kennysheep_windowed_goal
D:6:      kennysheep_housing_project, layout_loops_ring,
          nicolae_overflow_crystal_walls, serial_shops, kennysheep_little_box
D:7:      layout_basic, vehumet_crystals, bloody_trog,
          chequers_ossuary_entry_cave
D:8:      layout_loops_corners, makhleb_blood_cavern_becter,
          overflow_temple_1_default, basic_altar, grunt_livestock
D:9:      layout_roguey, erik_orc_4, basic_altar, minmay_misc_feat_x,
          corexii_checkpoint_b, fedhas_altar_fruit_tree
D:10:     layout_rooms
D:11:     layout_long_grid, minmay_lair_entry_grove, sword_in_stone, uniq_psyche
D:12:     layout_rooms, kennysheep_doodads, hangedman_decor_push, uniq_kirke,
          uniq_azrael
D:13:     orc_temple, layout_basic, david_vaults_2, serial_shops,
          nicolae_shop_trees
D:14:     layout_roguey, gauntlet_entry_generic, minmay_hedge_maze, uniq_roxanne
D:15:     hangedman_depths_entry_try_elsewhere_first, layout_rooms,
          hangedman_decor_points
Temple:   compressed_dpeg_circular_temple

Skill      XL: |  1  2  3  4  5  6  7  8  9 10 11 12 13 |
---------------+----------------------------------------+-----
Fighting       | 4 5 6 7 8 10 11 13 15 | 15.0
Armour         | 4 |  4.0
Shields        | 4 7 10 13 | 13.3
Axes           | 3 4 6 7 9 11 13 14 16 | 16.0
Invocations    | 1 2 4 5 6 8 9 10 | 10.0
Long Blades    | 4 |  4.4
Transmutations | 1 |  1.8
Earth Magic    | 1 |  1.8
Spellcasting   | |  0.2

Action                   |  1- 3 |  4- 6 |  7- 9 | 10-12 | 13-15 || total
-------------------------+-------+-------+-------+-------+-------++-------
Melee: War axe           |    86 |   138 |   391 |   598 |   337 ||  1550
       Headbutt          |    10 |    20 |    76 |   142 |   108 ||   356
       Scimitar          |       |       |       |    17 |       ||    17
Invok: Heroism           |       |       |     3 |     7 |     6 ||    16
       Finesse           |       |       |       |     4 |     2 ||     6
Evoke: Wand              |       |       |     6 |     5 |       ||    11
  Use: Scroll            |       |     5 |    14 |     7 |     5 ||    31
       Potion            |       |     1 |     6 |    11 |     3 ||    21
 Stab: Invisible         |       |       |       |     4 |       ||     4
  Eat: Chunk             |     2 |     7 |    11 |    16 |    10 ||    46
       Ration            |       |     1 |     1 |     3 |       ||     5
Armor: Ring mail         |    24 |    26 |       |   161 |    67 ||   278
       Scale mail        |     1 |    12 |    82 |       |       ||    95
       Skin              |       |       |    19 |       |       ||    19
       Chain mail        |       |       |     3 |   106 |       ||   109
Dodge: Dodged            |    30 |    37 |    86 |   189 |    62 ||   404
Block: Kite shield       |    44 |    72 |   185 |   344 |   182 ||   827
       Rpst.: Scimitar   |       |       |       |     1 |       ||     1
